 Dungeon Crawl Stone Soup version 0.30-b1-2-g02819fbbbe (webtiles) character file.

Game seed: 4646163239555513579

3063 drmikefisher the Basher (level 9, -3/121 HPs)
             Began as a Minotaur Berserker on June 2, 2023.
             Was a Priest of Trog.
             Slain by a yak (7 damage)
             ... on level 7 of the Dungeon.
             The game lasted 00:41:38 (5413 turns).

drmikefisher the Basher (Minotaur Berserker)        Turns: 5413, Time: 00:41:38

Health: -3/121     AC: 22    Str: 29    XL:     9   Next: 57%
Magic:  8/8        EV: 12    Int:  7    God:    Trog [***...]
Gold:   144        SH:  0    Dex: 17    Spells: 8/8 levels left

rFire   . . .        m - +1 flail (protect)
rCold   . . .        (no shield)
rNeg    . . .        g - +1 chain mail "Fed Nutul" {Int+3 Dex+6}
rPois   .            (helmet restricted)
rElec   .            (no cloak)
rCorr   .            a - +0 pair of gloves
SInv    .            x - +0 pair of boots {Stlth+}
Will    ++...        (no amulet) Stlth
                     n - +6 ring of strength
HPRegen 0.40/turn    i - ring of willpower
MPRegen 0.11/turn

%: no passive effects
@: berserking (expiring), lethally poisoned (-3 -> -7), under a protective aura,
very quick
A: horns 2, retaliatory headbutt, strong-willed 1, shaggy fur 1, weak 1,
MP-powered wands
a: Renounce Religion, Berserk, Trog's Hand


You were on level 7 of the Dungeon.
You worshipped Trog.
Trog was most pleased with you.
You visited 2 branches of the dungeon, and saw 8 of its levels.
You also visited: Ossuary.

You collected 259 gold pieces.
You spent 115 gold pieces at shops.

Inventory:

Hand Weapons
 e - a +2 whip of electrocution
 m - a +1 flail of protection (weapon)
 t - a +0 hand axe
 v - a +3 flail of holy wrath
Missiles
 p - 13 poisoned darts (quivered)
Armour
 a - a +0 pair of gloves (worn)
 g - the +1 chain mail "Fed Nutul" (worn) {Int+3 Dex+6}
   (You found it on level 3 of the Dungeon)

   Int:       It affects your intelligence (+3).
   Dex:       It affects your dexterity (+6).
 r - the +2 scale mail of Grace {rC+ Int+3 Stlth+}
   (You found it on level 3 of the Dungeon)

   Int:       It affects your intelligence (+3).
   rC:        It protects you from cold.
   Stlth:     It makes you more stealthy.
 x - a +0 pair of boots of stealth (worn)
 y - a +0 plate armour
 z - a +0 pair of gloves
Jewellery
 i - a ring of willpower (right hand)
 n - a +6 ring of strength (left hand)
 s - a ring of willpower
 u - a ring of flight
Potions
 b - 4 potions of curing
 d - a potion of brilliance
 f - 2 potions of heal wounds
 h - a potion of magic {unknown}
 j - 2 potions of might
 k - 3 potions of attraction
 l - a potion of lignification
 o - a potion of resistance
 q - a potion of cancellation {unknown}
 w - 2 potions of berserk rage


   Skills:
 + Level 8.0 Fighting
 - Level 7.4(9.5) Axes
 * Level 9.3(10.4) Maces & Flails
 + Level 7.0 Armour
 - Level 5.7 Dodging


You had 8 spell levels left.
You didn't know any spells.
Your spell library was empty.

Dungeon Overview and Level Annotations

Branches:
Dungeon (7/15)             Temple (1/1) D:4         Ossuary (visited)

Altars:
Ashenzari
Cheibriados
Dithmenos
Gozag
Hepliaklqana
Kikubaaqudgha
Makhleb
Nemelex Xobeh
Okawaru
Qazlal
Trog
Uskayaw
Vehumet
Wu Jian
Xom
Zin
The Shining One

Shops:
D:6 [

Annotations:
D:7 1 transporter, VincentAMV's ghost, novice GrFi


Innate Abilities, Weirdness & Mutations

You have a pair of horns on your head.
You reflexively headbutt those who attack you in melee.
You are strong-willed. (Will+)
You are covered in fur. (AC +1)
You are weak. (Str -2)
You expend magic power (3 MP) to strengthen your wands.


Message History

You bludgeon the moth of wrath!! You headbutt the moth of wrath.
You kill the moth of wrath!
Trog accepts your kill.
You feel sick.
The black bear bites you but does no damage.
The black bear misses you.
The black bear claws you but does no damage.
VincentAMV's ghost hits you.
* * * LOW HITPOINT WARNING * * *
The water moccasin misses you. You furiously retaliate!
You headbutt the water moccasin!
You feel the power of Trog in you as your rage grows.
You kill the water moccasin!
Trog accepts your kill.
Your Fighting skill increases to level 8!
Your base Maces & Flails skill increases to level 9!
Your Armour skill increases to level 7!
Unknown command.
Okay, then.
The black bear attacks as you move away!
The black bear closely misses you. The black bear barely misses you.
The black bear claws you but does no damage.
You feel sick. The yak gores you but does no damage. The black bear bites you!
* * * LOW HITPOINT WARNING * * *
The black bear barely misses you. The black bear misses you.
You see here a moth of wrath corpse.
The black bear attacks as you move away!
The black bear bites you.
* * * LOW HITPOINT WARNING * * *
The black bear claws you but does no damage.
The black bear barely misses you.
Found a transporter.
You feel a strong urge to attack something.
You feel sick.
The black bear bites you but does no damage.
The black bear claws you but does no damage.
The black bear claws you.
* * * LOW HITPOINT WARNING * * *
* * * LOW HITPOINT WARNING * * *
You feel sick. The yak gores you!
You die...

#.##.##..#....##.....# ##
#....#.#...#...#.########.
##.#.#..#.##..##..........
#.#.##.#...#.#©..#######.
#.#..#[#Hh...##..# ###
#...©#)=/h#W..#..# #..
###..#?.#h..# #..######.#
#.##...Y.#.##..........
#.#..#@#...#....##.##.#
#.#. #.#...#..#.##.##.#
#.# .[....#....##.##.# #..
##.©.###....##.##.# ##.
##### ...........#
.....##.#<##.####
.#..<.......####
.#####.#.......#
#.#######.#


You could see a yak (berserk), 3 black bears and VincentAMV's ghost.

Vanquished Creatures
  A moth of wrath (D:7)
  The ghost of diceflayer the Trooper, a novice DsHu (D:5)
  Grinder (D:5)
  Edmund (D:4)
  3 water moccasins
  Pargi (D:4)
  An orc warrior (D:7)
  2 ice beasts
  3 elf zombies (Ossuary)
  A bullfrog (D:7)
  2 scorpions
  5 wights (D:6)
  A howler monkey (D:6)
  5 centaur zombies (Ossuary)
  An orc priest (D:4)
  2 hounds
  4 human zombies (Ossuary)
  2 iguanas
  2 sleepcaps
  Terence (D:2)
  4 orc wizards
  3 mummies (Ossuary)
  4 adders
  A shadow imp (D:6)
  A white imp (D:6)
  A dart slug (D:1)
  11 orcs
  6 bats
  4 endoplasms
  A giant cockroach (D:1)
  8 goblins
  4 hobgoblins
  3 jackals (D:1)
  A quokka (D:2)
  6 ball pythons
  2 frilled lizards
  3 kobolds
  4 rats
107 creatures vanquished.

Notes
Turn   | Place    | Note
-------+----------+-------------------------------------------
     0 | D:1      | drmikefisher the Minotaur Berserker began the quest for the
                  | Orb.
     0 | D:1      | Reached XP level 1. HP: 19/19 MP: 0/0
   133 | D:1      | Found a faded altar of an unknown god.
   142 | D:1      | Reached XP level 2. HP: 21/27 MP: 1/1
   620 | D:1      | Reached ** piety under Trog
   890 | D:2      | Reached XP level 3. HP: 33/33 MP: 2/2
   935 | D:2      | Noticed Terence
   953 | D:2      | Killed Terence
  1278 | D:3      | Identified the +1 chain mail "Fed Nutul" {Int+3 Dex+6}
  1390 | D:3      | Reached XP level 4. HP: 41/41 MP: 3/3
  1440 | D:3      | Found an ornate altar of the Wu Jian Council.
  1451 | D:3      | Found an ancient bone altar of Kikubaaqudgha.
  1530 | D:3      | Found a hide-covered altar of Uskayaw.
  1532 | D:3      | Found a burning altar of Makhleb.
  1534 | D:3      | Found a glowing silver altar of Zin.
  1534 | D:3      | Found a sparkling altar of Nemelex Xobeh.
  1767 | D:3      | Identified the +2 scale mail of Grace {rC+ Int+3 Stlth+}
  1932 | D:3      | Reached skill level 1 in Maces & Flails
  1961 | D:3      | Reached skill level 5 in Axes
  2364 | D:4      | Reached XP level 5. HP: 42/47 MP: 4/4
  2372 | D:4      | Noticed Pargi
  2379 | D:4      | Killed Pargi
  2380 | D:4      | Reached skill level 2 in Maces & Flails
  2386 | D:4      | Found a staircase to the Ecumenical Temple.
  2399 | Temple   | Entered the Ecumenical Temple
  2535 | D:4      | Reached skill level 5 in Fighting
  2536 | D:4      | Found a shimmering altar of Xom.
  2550 | D:4      | Found a bloodstained altar of Trog.
  2722 | D:4      | Reached skill level 3 in Maces & Flails
  2722 | D:4      | Reached XP level 6. HP: 56/56 MP: 5/5
  3010 | D:4      | Noticed Edmund
  3015 | D:4      | Killed Edmund
  3124 | D:5      | Entered Level 5 of the Dungeon
  3131 | D:5      | Found a sand-covered staircase.
  3136 | Ossuary  | Entered an ossuary
  3172 | Ossuary  | Reached skill level 4 in Maces & Flails
  3172 | Ossuary  | Reached XP level 7. HP: 61/61 MP: 6/6
  3283 | Ossuary  | Reached skill level 5 in Maces & Flails
  3399 | D:5      | Found a large runed translucent door.
  3399 | D:5      | Found a large runed translucent door.
  3402 | D:5      | Noticed diceflayer's ghost (novice DsHu)
  3424 | D:5      | Killed diceflayer's ghost
  3425 | D:5      | Reached skill level 6 in Maces & Flails
  3425 | D:5      | Reached skill level 5 in Armour
  3425 | D:5      | Reached XP level 8. HP: 70/70 MP: 7/7
  3557 | D:5      | Found a shadowy altar of Dithmenos.
  3710 | D:5      | Reached skill level 5 in Dodging
  4014 | D:5      | Noticed Grinder
  4036 | D:5      | Killed Grinder
  4037 | D:5      | Reached skill level 7 in Maces & Flails
  4091 | D:5      | Found a radiant altar of Vehumet.
  4467 | D:6      | Reached XP level 9. HP: 79/79 MP: 8/8
  4655 | D:6      | Reached *** piety under Trog
  4749 | D:6      | Reached skill level 8 in Maces & Flails
  5067 | D:6      | Found Tyhej's Armour Shop.
  5085 | D:6      | Bought a +0 pair of boots of stealth for 115 gold pieces
  5142 | D:7      | Gained mutation: You are covered in fur. (AC +1) [potion of
                  | mutation]
  5142 | D:7      | Gained mutation: You are strong-willed. (Will+) [potion of
                  | mutation]
  5142 | D:7      | Gained mutation: You are weak. (Str -2) [potion of
                  | mutation]
  5142 | D:7      | Gained mutation: You expend magic power (3 MP) to
                  | strengthen your wands. [potion of mutation]
  5371 | D:7      | Noticed VincentAMV's ghost (novice GrFi)
  5379 | D:7      | Noticed a manticore
  5390 | D:7      | Found a transporter.
  5397 | D:7      | Noticed a moth of wrath
  5410 | D:7      | Killed a moth of wrath
  5411 | D:7      | Reached skill level 9 in Maces & Flails
  5412 | D:7      | Found a transporter.
  5412 | D:7      | HP: 4/121 [black bear (5)]
  5413 | D:7      | Slain by a yak

Illustrated notes

Levels and vault maps discovered:
D:1:      sevenhm_arrival_forest_fort_small_4, layout_basic,
          hellmonk_ecumenical_altar_dog_temple
D:2:      layout_basic, basic_altar, uniq_terence
D:3:      layout_basic, grunt_temple_overflow_open,
          mainiacjoe_overflow_large_starburst
D:4:      layout_basic, mainiacjoe_overflow_cross_hatched, bloody_trog,
          minmay_temple_entry_antechambers, uniq_edmund, uniq_pargi
D:5:      layout_gridville, grunt_dithmenos_smoke_and_mirrors,
          general_overflow_altar, enter_ossuary_2, ebering_ghost_disaster_area,
          hangedman_decor_riveting, minivault_27, serial_bayou_pond_d,
          minmay_misc_feat_nine_boxes, uniq_grinder
D:6:      layout_loops_ring, serial_shops, shop
D:7:      layout_loops_ring, gammafunk_ghost_berserking_beasts
Temple:   hellmonk_temple_two_chambers

Skill      XL: |  1  2  3  4  5  6  7  8  9 |
---------------+----------------------------+-----
Axes           | 4 5 6 7 |  7.4
Fighting       | 4 5 6 7 8 |  8.0
Maces & Flails | 1 3 4 6 7 9 |  9.3
Armour         | 3 4 5 7 |  7.0
Dodging        | 3 4 5 |  5.7

Action                     |  1- 3 |  4- 6 |  7- 9 || total
---------------------------+-------+-------+-------++-------
  Melee: Hand axe          |    70 |       |       ||    70
         Headbutt          |    10 |    10 |    34 ||    54
         Flail             |    15 |    75 |   179 ||   269
         Punch             |       |       |     3 ||     3
 Invoke: Berserk           |       |     1 |     4 ||     5
    Use: Potion            |       |     4 |     5 ||     9
 Armour: Animal skin       |     8 |       |       ||     8
         Chain mail        |    29 |    62 |   107 ||   198
  Dodge: Dodged            |    60 |    42 |   107 ||   209
